 Dungeon Crawl Stone Soup version 0.29-a0-330-g52719c12eb (webtiles) character file.

Game seed: 11975800954316992920

1890 kae the Arsonist (level 9, -4/48 HPs)
             Began as a Tengu Fire Elementalist on Apr 14, 2022.
             Was an Initiate of Ashenzari.
             Asphyxiated
             ... on level 6 of the Dungeon.
             The game lasted 00:05:40 (6711 turns).

kae the Arsonist (Tengu Fire Elementalist)          Turns: 6711, Time: 00:05:41

Health: -4/48      AC:  5    Str:  9    XL:     9   Next: 15%
Magic:  16/17      EV: 15    Int: 23    God:    Ashenzari [......]
Gold:   145        SH:  0    Dex: 15    Spells: 5/18 levels left

rFire   . . .      SeeInvis .   j - +2 short sword (speed)
rCold   . . .      Faith    .   (no shield)
rNeg    . . .      Spirit   .   a - +0 robe
rPois   .          Reflect  .   r - +1 hat of Death Resistance {Int+4}
rElec   .          Harm     .   m - +1 cloak
rCorr   .          Rampage  .   (no gloves)
Will    .....                   (boots unavailable)
Stlth   ++........              (no amulet)
HPRegen 0.16/turn               (no ring)
MPRegen 0.15/turn               (no ring)

@: lethally poisoned (-4 -> -45), flying quickly and evasively, slowed, very
slow
A: beak, talons 3, nimble flight
a: Renounce Religion


You were on level 6 of the Dungeon.
You worshipped Ashenzari.
Ashenzari was noncommittal.
You visited 2 branches of the dungeon, and saw 7 of its levels.
You also visited: Sewer.

You collected 223 gold pieces.
You spent 78 gold pieces at shops.

Inventory:

Hand Weapons
 c - a +0 club
 j - a +2 short sword of speed (weapon)
Armour
 a - a +0 robe (worn)
 m - a +1 cloak (worn)
 r - the +1 hat of Death Resistance (worn) {Int+4}
   (You found it on level 5 of the Dungeon)

   Int:       It affects your intelligence (+4).
Jewellery
 p - an amulet of regeneration
Scrolls
 i - 3 scrolls of teleportation
 l - a scroll of blinking
Potions
 b - a potion of magic
 d - 2 potions of brilliance
 e - 4 potions of curing
 g - 3 potions of attraction
 h - 2 potions of mutation {unknown}
 o - 2 potions of lignification {unknown}
 q - a potion of might {unknown}
 s - 2 potions of haste {unknown}
 t - a potion of degeneration {unknown}
 u - a potion of flight {unknown}


   Skills:
 + Level 2.2 Fighting
 + Level 2.6 Armour
 + Level 3.5 Dodging
 - Level 2.0 Stealth
 + Level 5.1 Spellcasting
 + Level 7.0 Conjurations
 * Level 9.0 Fire Magic


You had 5 spell levels left.
You knew the following spells:

 Your Spells              Type           Power      Damage    Failure   Level
a - Foxfire               Conj/Fire      100%       2x1d9     1%          1
b - Scorch                Fire           94%        2d10      1%          2
c - Conjure Flame         Conj/Fire      42%        6-21      1%          3
d - Inner Flame           Hex/Fire       26%        N/A       4%          3
e - Flame Wave            Conj/Fire      42%        2d9       3%          4

Your spell library contained the following spells:

 Spells                   Type           Power      Damage    Failure   Level
 Frozen Ramparts          Ice            10%        1d3       28%         3
 Ice Form                 Ice/Tmut       5%         N/A       67%         4
 Summon Ice Beast         Ice/Summ       5%         N/A       67%         4


Dungeon Overview and Level Annotations

Branches:
Dungeon (6/15)             Temple (1/1) D:6           Sewer (visited)

Altars:
Ashenzari
Cheibriados
Dithmenos
Fedhas
Hepliaklqana
Kikubaaqudgha
Makhleb
Nemelex Xobeh
Okawaru
Qazlal
Ru
Sif Muna
Trog
Uskayaw
Vehumet
Wu Jian
Yredelemnul
Zin

Shops:
D:4 *

Annotations:
D:3 1 runed translucent door, Crazy Yiuf
D:4 3 runed translucent doors, kae's ghost, novice TeFE


Innate Abilities, Weirdness & Mutations

You have a beak for a mouth.
You have claws for feet.
Your magical nature lets you fly swiftly and evasively.


Message History

There is a staircase to the Ecumenical Temple here.
You fly downwards.
Welcome back to the Ecumenical Temple!
There is a staircase back to the Dungeon here.
You start resting.
You feel yourself speed up.
You start resting.
Magic restored.
HP restored.
You can't go down here!
You fly upwards.
Welcome back to the Dungeon!
There is a staircase to the Ecumenical Temple here.
The kobold brigand throws a curare-tipped dart.
The curare-tipped dart hits you.
You are poisoned.
You have difficulty breathing.
You feel yourself slow down.
You feel very sick.
The kobold brigand throws a curare-tipped dart.
The curare-tipped dart hits you.
You are more poisoned.
You have difficulty breathing.
You feel as though you will be slow longer.
You feel very sick.
The kobold brigand throws a curare-tipped dart.
The curare-tipped dart barely misses you.
The kobold brigand throws a curare-tipped dart.
The curare-tipped dart hits you.
You are more poisoned.
You have difficulty breathing.
* * * LOW HITPOINT WARNING * * *
You feel as though you will be slow longer.
Casting: Foxfire (safe; 1% risk of failure)
Confirm with . or Enter, or press ? or * to list all spells.
You conjure some foxfire!
* * * LOW HITPOINT WARNING * * *
You feel extremely sick.
The kobold brigand throws a curare-tipped dart.
The curare-tipped dart hits you.
You are more poisoned.
You have difficulty breathing.
You die...

..####...[...#...## ##..W
...###..#........###....#
...................#..#.).
........≈≈≈≈≈........##..#
........≈≈≈≈≈≈≈≈≈..........# ##.
....#..≈≈≈≈≈≈≈≈≈≈≈≈≈(....##.##...
......≈≈≈≈≈≈≈≈≈≈≈≈≈≈≈..#..#.#).<.
......≈≈≈≈≈≈...v≈≈≈≈≈K........#
......≈≈≈≈≈≈.>.≈@≈≈≈≈K......###
......≈≈≈≈≈≈...≈≈v≈≈≈..#>...#
....<..≈≈≈≈)≈≈≈≈≈≈≈≈).......#
.........≈≈≈≈≈≈≈≈≈......#...##
..#.......≈≈≈≈≈......#......####
##.................####......#
######...........#####....#..
###..........#.###.........
#............#..##.........


You could see a kobold brigand (ally target) and a kobold (ally target).

Vanquished Creatures
  A two-headed ogre (D:6)
  A shadow (D:6)
  An ice beast (D:5)
  A sky beast (D:6)
  2 black bears (D:4)
  A phantom (D:5)
  2 bullfrogs (Sewer)
  2 necrophages (D:5)
  2 hounds
  2 jellies (D:5)
  3 iguanas
  An orc wizard (D:6)
  Robin (D:4)
  4 gnolls (D:5)
  5 adders
  2 white imps
  An ufetubus (D:3)
  5 worms
  A dart slug (D:2)
  An orc (D:6)
  11 ball pythons
  4 endoplasms
  9 giant cockroaches
  11 goblins
  8 hobgoblins
  8 jackals
  10 quokkas
  3 bats (D:3)
  9 frilled lizards (Sewer)
  11 kobolds
  5 rats
128 creatures vanquished.

Vanquished Creatures (others)
  440 foxfires
440 creatures vanquished.

Grand Total: 568 creatures vanquished

Notes
Turn   | Place    | Note
-------+----------+-------------------------------------------
     0 | D:1      | kae the Tengu Fire Elementalist began the quest for the
                  | Orb.
     0 | D:1      | Reached XP level 1. HP: 10/10 MP: 4/4
   230 | D:1      | Reached XP level 2. HP: 15/15 MP: 3/6
  1169 | D:2      | Reached XP level 3. HP: 19/19 MP: 4/7
  1172 | D:2      | Learned a level 2 spell: Scorch
  1176 | D:2      | Learned a level 3 spell: Conjure Flame
  1211 | D:2      | Reached skill level 4 in Fire Magic
  1369 | D:2      | Found a faded altar of an unknown god.
  1889 | D:3      | Reached XP level 4. HP: 24/24 MP: 2/8
  2133 | D:3      | Found a runed translucent door.
  2134 | D:3      | Noticed Crazy Yiuf
  2473 | D:3      | Reached skill level 5 in Fire Magic
  2473 | D:3      | Gained mutation: Your magical nature lets you fly swiftly
                  | and evasively. [Tengu growth]
  2473 | D:3      | Reached XP level 5. HP: 26/28 MP: 3/10
  2613 | D:3      | Found a shimmering blue altar of Sif Muna.
  2779 | D:4      | Found Gasaypna's Assorted Antiques.
  2783 | D:4      | Bought a puce potion for 18 gold pieces
  2783 | D:4      | Bought an inky potion for 18 gold pieces
  2783 | D:4      | Bought a scroll labelled BUNNICS FYOHI for 21 gold pieces
  2783 | D:4      | Bought a scroll labelled DINGUW ASEYCLU for 21 gold pieces
  2872 | D:4      | Found a glowing drain.
  2894 | Sewer    | Entered a sewer
  3299 | Sewer    | Reached XP level 6. HP: 32/32 MP: 8/11
  3557 | D:4      | Found a radiant altar of Vehumet.
  3572 | D:4      | Noticed Robin
  3673 | D:4      | Killed Robin
  3694 | D:4      | Reached skill level 6 in Fire Magic
  4090 | D:4      | Noticed a black bear
  4097 | D:4      | Killed a black bear
  4098 | D:4      | Reached XP level 7. HP: 36/36 MP: 7/13
  4402 | D:4      | Found a runed translucent gate.
  4402 | D:4      | Found a runed translucent gate.
  4402 | D:4      | Found a runed translucent gate.
  4402 | D:4      | Noticed kae's ghost (novice TeFE)
  4798 | D:5      | Entered Level 5 of the Dungeon
  4802 | D:5      | Reached skill level 5 in Conjurations
  4896 | D:5      | Reached skill level 7 in Fire Magic
  4900 | D:5      | Identified the +1 hat of Death Resistance {Int+4}
  4911 | D:5      | Learned a level 3 spell: Inner Flame
  4916 | D:5      | Learned a level 4 spell: Flame Wave
  5400 | D:5      | Reached XP level 8. HP: 36/41 MP: 8/15
  5840 | D:6      | Reached skill level 8 in Fire Magic
  5910 | D:6      | Found a staircase to the Ecumenical Temple.
  5925 | D:6      | Noticed a two-headed ogre
  6014 | D:6      | Reached skill level 1 in Armour
  6210 | D:6      | Killed a two-headed ogre
  6211 | D:6      | Reached skill level 5 in Spellcasting
  6211 | D:6      | Reached XP level 9. HP: 48/48 MP: 11/17
  6212 | Temple   | Entered the Ecumenical Temple
  6420 | Temple   | Became a worshipper of Ashenzari the Shackled
  6514 | D:6      | Reached skill level 9 in Fire Magic
  6711 | D:6      | HP: 1/48 [poisoned by a kobold brigand (curare-tipped
                  | dart)]
  6711 | D:6      | Asphyxiated

Illustrated notes

Levels and vault maps discovered:
D:1:      minmay_arrival_four_houses, layout_basic
D:2:      layout_basic, ebering_ecumenical_altar_box, hex_intersection,
          roderic_filled_cross
D:3:      layout_rooms, lemuel_blue_sif_altar, small_statue_intersection,
          minmay_misc_feat_pillars, uniq_crazy_yiuf_cottage
D:4:      layout_cave_pods, old_standard_altar, cheibrodos_sewer_entry_sluice,
          serial_shops, nicolae_shop_hallway_stairs,
          gammafunk_ghost_nasty_kobolds, kennysheep_cross_bottleneck,
          kennysheep_generic_room_11, uniq_robin
D:5:      layout_basic, kennysheep_generic_room_3
D:6:      layout_rooms, mainiacjoe_overflow_24_doors, temple_pool_b,
          grunt_tough_drop, uniq_duvessa
Temple:   regret_index_temple_sphere_string

Skill      XL: |  1  2  3  4  5  6  7  8  9 |
---------------+----------------------------+-----
Conjurations   | 2 3 4 5 6 7 |  7.0
Fire Magic     | 4 5 6 7 8 9 |  9.0
Spellcasting   | 3 4 5 |  5.1
Armour         | 2 |  2.6
Fighting       | 2 |  2.2
Dodging        | 3 |  3.5
Stealth        | |  2.0

Action                   |  1- 3 |  4- 6 |  7- 9 || total
-------------------------+-------+-------+-------++-------
Melee: Unarmed           |     2 |       |       ||     2
       Club              |    10 |       |       ||    10
       Peck              |     2 |       |       ||     2
       Short sword       |       |     1 |       ||     1
       Kick              |       |     1 |       ||     1
 Cast: Foxfire           |    72 |   127 |    65 ||   264
       Scorch            |       |     8 |    20 ||    28
  Use: Scroll            |     4 |     4 |     3 ||    11
       Potion            |       |       |     3 ||     3
Armor: Robe              |     2 |     2 |    10 ||    14
Dodge: Dodged            |    13 |    20 |    25 ||    58

Table legend: (Time is in decaauts)
 A = Elapsed time spent in this place.
 B = Non-inter-level travel time spent in this place.
 C = Inter-level travel time spent in this place.
 D = Time resting spent in this place.
 E = Time spent auto-exploring this place.
 F = Levels seen in this place.
 G = Mean time per level.
                   A        B        C        D        E       F      G
               +--------+--------+--------+--------+--------+-----+--------+
         Total |   6518 |   6315 |    203 |    741 |   4561 |   8 |  814.8 |
       Dungeon |   5552 |   5401 |    151 |    527 |   4019 |   6 |  925.3 |
        Temple |    389 |    337 |     52 |    180 |    140 |   1 |  389.0 |
         Sewer |    577 |    577 |      0 |     34 |    402 |   1 |  577.0 |
               +--------+--------+--------+--------+--------+-----+--------+

Top non-repeatable levels by time:
     D:4: 1263 daAuts
     D:1: 1010 daAuts
     D:3: 954 daAuts
     D:5: 947 daAuts
     D:2: 869 daAuts
   Sewer: 577 daAuts
     D:6: 507 daAuts
  Temple: 389 daAuts
